 Dungeon Crawl Stone Soup version 0.28-a0-1429-gf3d713d (webtiles) character file.

Game seed: 14321479699613768558

13245 Dorkslayer the Carver (level 12, -14/98 (104) HPs)
             Began as a Hill Orc Fighter on Jan 8, 2022.
             Was an Initiate of Gozag.
             Hit by a javelin thrown by a minotaur (25 damage)
             ... in a Gauntlet.
             The game lasted 00:46:04 (12998 turns).

Dorkslayer the Carver (Hill Orc Fighter)           Turns: 12998, Time: 00:46:05

HP:   -14/98 (104)  AC: 20    Str: 32    XL:     12   Next: 4%
MP:   12/12         EV: 10    Int:  8    God:    Gozag
Gold: 249           SH: 11    Dex: 18    Spells: 11/11 levels left

rFire   . . .      SeeInvis .   a - +1 long sword
rCold   . . .      Faith    .   c - +0 buckler
rNeg    . . .      Spirit   .   F - +0 plate armour
rPois   +          Reflect  +   (no helmet)
rElec   +          Harm     .   r - +0 cloak
rCorr   .          Rampage  .   j - +2 pair of gloves
Will    +....      NoTele   +   k - +0 pair of boots
Stlth   ..........              K - amulet of reflection
HPRegen 0.26/turn               I - ring "Xatamm" {rPois Will+ Str+6 Stlth+}
MPRegen 0.13/turn               D - ring "Jigyckul" {rElec Str+4 Dex+6}

@: gold aura, hasted, drained, invisible, very quick
A: no striking features
a: Renounce Religion, Potion Petition, Call Merchant, Bribe Branch


You were in a Gauntlet.
You worshipped Gozag.
Gozag was aware of your devotion.
You visited 2 branches of the dungeon, and saw 13 of its levels.
You also visited: Sewer and Gauntlet.

You collected 1754 gold pieces.
You spent 1447 gold pieces at shops.
You paid 58 gold pieces to Gozag.

Inventory:

Hand Weapons
 a - a +1 long sword (weapon)
 t - a +0 scimitar
 G - a +0 hand axe of flaming
Missiles
 p - 3 throwing nets
 v - 2 javelins
 w - a boomerang
 O - 3 curare-tipped darts (quivered)
Armour
 c - a +0 buckler (worn)
 j - a +2 pair of gloves (worn)
 k - a +0 pair of boots (worn)
 r - a +0 cloak (worn)
 F - a +0 plate armour (worn)
Jewellery
 n - a ring of protection from cold
 s - a ring of resist corrosion
 D - the ring "Jigyckul" (right hand) {rElec Str+4 Dex+6}
   (You bought it in a shop on level 4 of the Dungeon)

   [ring of dexterity]

   Str:       It affects your strength (+4).
   Dex:       It affects your dexterity (+6).
   rElec:     It insulates you from electricity.
 I - the ring "Xatamm" (left hand) {rPois Will+ Str+6 Stlth+}
   (You found it in a Gauntlet)

   [ring of strength]

   Str:       It affects your strength (+6).
   rPois:     It protects you from poison.
   Will:      It increases your willpower.
   Stlth:     It makes you more stealthy.
 K - an amulet of reflection (around neck)
Wands
 x - a wand of digging (11)
 z - a wand of paralysis (12)
 E - a wand of polymorph (4)
 H - a wand of iceblast (10)
Scrolls
 d - 2 scrolls of blinking
 e - 6 scrolls of teleportation
 i - 3 scrolls of amnesia
 u - 2 scrolls of fear
 y - a scroll of immolation
 A - a scroll of silence
 J - a scroll of summoning {unknown}
Potions
 f - 2 potions of brilliance
 h - 4 potions of curing
 l - 3 potions of attraction
 o - 2 potions of lignification
 q - a potion of cancellation
 C - 2 potions of mutation
 N - a potion of resistance
Miscellaneous
 M - a condenser vane (inert)


   Skills:
 + Level 9.0 Fighting
 + Level 11.5 Long Blades
 + Level 4.4 Throwing
 + Level 8.8 Armour
 + Level 4.2 Dodging
 + Level 2.2 Stealth
 + Level 7.4 Shields
 * Level 9.2 Evocations


You had 11 spell levels left.
You didn't know any spells.
Your spell library contained the following spells:

 Spells                   Type           Power      Damage    Failure   Level
 Beastly Appendage        Tmut           0%         N/A       98%         1
 Sting                    Tmut/Pois      0%         1d3       98%         1
 Passwall                 Tmut/Erth      0%         N/A       99%         2
 Wereblood                Tmut           0%         N/A       99%         2
 Spider Form              Tmut/Pois      0%         N/A       100%        3
 Swiftness                Air            0%         N/A       100%        3
 Statue Form              Tmut/Erth      0%         N/A       100%        6
 Dragon Form              Tmut           0%         N/A       100%        7


Dungeon Overview and Level Annotations

Branches:
Dungeon (12/15)            Temple (1/1) D:4            Lair (0/6) D:10
  Sewer (visited)         Gauntlet (1/1)
    Orc: D:9-12

Altars:
Ashenzari
Cheibriados
Fedhas
Gozag
Hepliaklqana
Kikubaaqudgha
Makhleb
Nemelex Xobeh
Okawaru
Qazlal
Sif Muna
Trog
Uskayaw
Vehumet
Wu Jian
Yredelemnul
Zin
The Shining One

Shops:
D:4 =   D:6 =   D:7 *   D:9 =   D:10 =

Annotations:
Gauntlet 11 transporters


Message History

Throw: 3 darts (curare)
Press: ? - help, Q - select action, (/) - cycle Shift-Dir - straight line, f - minotaur
Aim: a minotaur, wielding the +6 demon trident of Cogar {drain, rC+ SInv Stlth+}, wearing a +0 plate armour and quivering javelins (79% to hit)
Okay, then.
There are no items here.
The balrug is no longer distracted by gold.
You barely miss the minotaur.
The minotaur furiously retaliates!
The minotaur headbutts you, but does no damage.
You slash the minotaur!
The minotaur is lightly wounded.
You block the minotaur's attack. The minotaur closely misses you.
You hit the minotaur but do no damage.
The minotaur is lightly wounded.
You block the minotaur's attack. The minotaur closely misses you.
You hit the minotaur.
The minotaur is lightly wounded.
You slash the minotaur!
The minotaur is moderately wounded.
The minotaur hits you but does no damage.
You feel drained. The minotaur gores you.
You closely miss the minotaur.
The minotaur is moderately wounded.
You barely miss the minotaur.
The minotaur furiously retaliates!
The minotaur headbutts you.
The minotaur is moderately wounded.
You block the minotaur's attack. The minotaur gores you.
You barely miss the minotaur.
The minotaur is moderately wounded.
The minotaur hits you with the +6 demon trident of Cogar {drain, rC+ SInv Stlth+}!!
* * * LOW HITPOINT WARNING * * *
You feel drained.
* * * LOW HITPOINT WARNING * * *
The minotaur gores you!
* * * LOW HITPOINT WARNING * * *
The balrug is distracted by your dazzling golden aura.
The minotaur throws a javelin.
The javelin pierces through you but does no damage.
The minotaur throws a javelin.
The javelin pierces through you!!
You die...
Your body crumbles into a pile of gold.

...Z#.##..#.#..##.#..##.##..#.#.#
[.Zk#.#.)#.©.#"!#.#2h!.©:"..#.#..
#####.###########.###########.###
.................................
................≈∩§..............
#################################
#8# #8##§...............≈##8# #8
### ####8..©.©.©.©.©.©..8#### ##
#≈......@...H....≈#
###.#.#######.#.### #.#..
#.H..#.# #.##.# .. ... ## ..#
#..# #... #.8#


You could see a minotaur, a balrug (unaware) and a hell hound.

Vanquished Creatures
  Harold (D:8)
  A hell beast (Gauntlet)
  Sonja (D:10)
  4 centaur zombies
  A worldbinder (Gauntlet)
  An eye of devastation (Gauntlet)
  A hornet (D:8)
  Grinder (D:4)
  Prince Ribbit (D:6)
  A shadow (D:10)
  Sigmund (D:5)
  A wraith (D:9)
  A vampire (D:10)
  15 yaks (D:9)
  A steam dragon (D:7)
  2 wargs (D:10)
  2 water moccasins
  Edmund (D:4)
  2 floating eyes (Gauntlet)
  3 ice beasts
  6 orc warriors
  3 necrophages
  A boggart (Gauntlet)
  5 centaurs
  A phantom (D:6)
  Blork the orc (D:6)
  A bullfrog (D:8)
  A wyvern zombie (D:7)
  A water moccasin zombie (D:7)
  A water moccasin skeleton (D:5)
  5 killer bees (D:10)
  7 wights
  4 jellies
  4 hounds
  A centaur skeleton (D:6)
  A gnoll shaman (D:6)
  8 orc priests
  Crazy Yiuf (D:3)
  2 bullfrog skeletons
  4 orc wizards
  5 iguanas
  A killer bee zombie (D:7)
  2 howler monkey zombies
  10 adders
  7 gnolls
  2 howler monkey skeletons
  2 white imps
  An ufetubus (D:5)
  2 worms
  2 dart slugs
  24 orcs
  5 bats
  14 endoplasms
  8 giant cockroaches
  7 goblins
  5 hobgoblins
  4 quokkas
  4 ball pythons
  7 frilled lizards
  2 kobolds
  8 rats
222 creatures vanquished.

Vanquished Creatures (others)
  3 fungi (Gauntlet)
  21 plants
24 creatures vanquished.

Grand Total: 246 creatures vanquished

Notes
Turn   | Place    | Note
-------+----------+-------------------------------------------
     0 | D:1      | Dorkslayer the Hill Orc Fighter began the quest for the
                  | Orb.
     0 | D:1      | Reached XP level 1. HP: 19/19 MP: 1/1
   389 | D:1      | Found a faded altar of an unknown god.
   412 | D:1      | Reached XP level 2. HP: 25/27 MP: 2/2
  1065 | D:2      | Reached XP level 3. HP: 26/33 MP: 3/3
  1428 | D:2      | Reached skill level 3 in Long Blades
  1428 | D:2      | Reached skill level 1 in Evocations
  1428 | D:2      | Reached XP level 4. HP: 32/40 MP: 4/4
  2216 | D:3      | Found an iron altar of Okawaru.
  2361 | D:3      | Found a hazy altar of Hepliaklqana.
  2404 | D:3      | Reached XP level 5. HP: 25/46 MP: 5/5
  2423 | D:3      | Found an ornate altar of the Wu Jian Council.
  2488 | D:3      | Found a glowing drain.
  2497 | Sewer    | Entered a sewer
  2750 | Sewer    | Reached skill level 4 in Long Blades
  2919 | Sewer    | Found a viscous altar of Jiyva.
  2993 | Sewer    | Reached XP level 6. HP: 33/53 MP: 6/6
  3219 | D:3      | Found a runed translucent door.
  3220 | D:3      | Noticed Crazy Yiuf
  3239 | D:3      | Killed Crazy Yiuf
  3847 | D:4      | Found a staircase to the Ecumenical Temple.
  3853 | Temple   | Entered the Ecumenical Temple
  3933 | Temple   | Became a worshipper of Gozag Ym Sagoz the Greedy
  4122 | D:4      | Found a blossoming altar of Fedhas.
  4122 | D:4      | Noticed Grinder
  4127 | D:4      | Killed Grinder
  4128 | D:4      | Reached skill level 1 in Dodging
  4128 | D:4      | Reached XP level 7. HP: 44/60 MP: 7/7
  4163 | D:4      | Noticed Edmund
  4176 | D:4      | Killed Edmund
  4177 | D:4      | Reached skill level 5 in Long Blades
  4507 | D:4      | Found a transporter.
  4524 | D:4      | Found a basalt altar of Yredelemnul.
  4649 | D:4      | Found Rohashin's Jewellery Shop.
  4754 | D:4      | Found a transporter.
  5002 | D:5      | Entered Level 5 of the Dungeon
  5007 | D:5      | Reached skill level 5 in Armour
  5071 | D:5      | Reached skill level 5 in Fighting
  5304 | D:5      | Reached skill level 6 in Long Blades
  5304 | D:5      | Reached XP level 8. HP: 55/68 MP: 8/8
  5337 | D:5      | Noticed Sigmund
  5364 | D:5      | Killed Sigmund
  5365 | D:5      | Reached skill level 7 in Long Blades
  6044 | D:6      | Reached XP level 9. HP: 69/75 MP: 9/9
  6209 | D:6      | Reached skill level 8 in Long Blades
  6230 | D:6      | Noticed Blork the orc
  6252 | D:6      | Killed Blork the orc
  6671 | D:6      | Reached skill level 1 in Throwing
  6671 | D:6      | Reached skill level 5 in Shields
  6732 | D:6      | Noticed Prince Ribbit
  6745 | D:6      | Reached skill level 5 in Evocations
  6766 | D:6      | Killed Prince Ribbit
  7261 | D:6      | Found Amaxieja's Jewellery Shoppe.
  7289 | D:6      | Reached skill level 9 in Long Blades
  7289 | D:6      | Reached XP level 10. HP: 86/86 MP: 10/10
  7832 | D:7      | Found Ariegac's Assorted Antiques.
  7885 | D:7      | Reached skill level 1 in Stealth
  7921 | D:7      | Bought a scroll of identify for 60 gold pieces
  7921 | D:7      | Bought a scroll labelled JIZOLA KIBLITIGG for 30 gold
                  | pieces
  7921 | D:7      | Bought a smoky purple potion for 27 gold pieces
  8573 | D:7      | Found a hide-covered altar of Uskayaw.
  8921 | D:8      | Reached XP level 11. HP: 74/94 MP: 11/11
  8998 | D:8      | Noticed Harold
  9022 | D:8      | Killed Harold
  9023 | D:8      | Reached skill level 10 in Long Blades
  9025 | D:8      | Paralysed by a hornet for 1 turns
  9172 | D:8      | Found a glowing silver altar of Zin.
  9233 | D:8      | Found a radiant altar of Vehumet.
  9319 | D:8      | Found a snail-covered altar of Cheibriados.
  9515 | D:9      | Found a sparkling altar of Nemelex Xobeh.
  9559 | D:9      | Found a shimmering blue altar of Sif Muna.
  9834 | D:9      | Found a bloodstained altar of Trog.
 10090 | D:9      | Found Jutiklih's Jewellery Boutique.
 10116 | D:9      | Bought an amulet of reflection for 360 gold pieces
 10486 | D:10     | Entered Level 10 of the Dungeon
 10705 | D:10     | Reached skill level 11 in Long Blades
 10840 | D:10     | Found Aloagauf's Jewellery Shop.
 10990 | D:10     | Noticed Sonja
 10998 | D:10     | Killed Sonja
 11165 | D:10     | Found a staircase to the Lair.
 11722 | D:4      | Bought the ring "Jigyckul" {rElec Str+4 Dex+6} for 970 gold
                  | pieces
 11850 | D:11     | You fall into a shaft and drop 1 floor!
 11903 | D:11     | Noticed a cyclops
 11903 | D:11     | Noticed a boulder beetle
 11905 | D:11     | Noticed a two-headed ogre
 11930 | D:11     | Found a gate leading to a gauntlet.
 11939 | Gauntlet | Entered a Gauntlet
 11939 | Gauntlet | Found a transporter.
 11944 | Gauntlet | Noticed a worldbinder
 11990 | Gauntlet | Found a transporter.
 12005 | Gauntlet | Found a transporter.
 12007 | Gauntlet | Noticed a hell beast
 12010 | Gauntlet | Found a transporter.
 12012 | Gauntlet | Noticed a red ugly thing
 12012 | Gauntlet | Noticed a glowing orange brain
 12016 | Gauntlet | Noticed a glowing orange brain
 12025 | Gauntlet | Found a transporter.
 12044 | Gauntlet | Found a transporter.
 12053 | Gauntlet | Noticed a balrug
 12054 | Gauntlet | Found the necklace of Bloodlust {*Rage Will++ Int-3 Slay+6}
 12056 | Gauntlet | Found a transporter.
 12068 | Gauntlet | Found a transporter.
 12069 | Gauntlet | Noticed a quicksilver ooze
 12080 | Gauntlet | Found a transporter.
 12084 | Gauntlet | Noticed a death drake
 12088 | Gauntlet | Noticed a glowing orange brain
 12095 | Gauntlet | Found a transporter.
 12096 | Gauntlet | Noticed a wolf spider
 12112 | Gauntlet | Noticed a sea snake
 12112 | Gauntlet | a glowing orange brain changed into a sea snake
 12113 | Gauntlet | Found a transporter.
 12115 | Gauntlet | Found a transporter.
 12118 | Gauntlet | Noticed a jorogumo
 12118 | Gauntlet | a wolf spider changed into a jorogumo
 12119 | Gauntlet | Noticed a radroach
 12119 | Gauntlet | a jorogumo changed into a radroach
 12124 | Gauntlet | Noticed a goliath frog
 12124 | Gauntlet | a radroach changed into a goliath frog
 12125 | Gauntlet | Noticed an anaconda
 12125 | Gauntlet | a goliath frog changed into an anaconda
 12128 | Gauntlet | Noticed an alligator
 12128 | Gauntlet | an anaconda changed into an alligator
 12139 | Gauntlet | Found a transporter.
 12162 | Gauntlet | Found a transporter.
 12263 | Gauntlet | Found a transporter.
 12263 | Gauntlet | Found a transporter.
 12320 | Gauntlet | Found a transporter.
 12406 | Gauntlet | Noticed a merfolk aquamancer
 12409 | Gauntlet | Noticed a catoblepas
 12409 | Gauntlet | Noticed a manticore
 12413 | Gauntlet | Killed a worldbinder
 12695 | Gauntlet | Paralysed by a floating eye for 4 turns
 12706 | Gauntlet | Paralysed by a floating eye for 4 turns
 12713 | Gauntlet | Paralysed by a floating eye for 3 turns
 12732 | Gauntlet | Got the Compendium of Transmigration
 12953 | Gauntlet | Killed a hell beast
 12954 | Gauntlet | Reached XP level 12. HP: 74/104 MP: 12/12
 12959 | Gauntlet | Identified the ring "Xatamm" {rPois Will+ Str+6 Stlth+}
 12978 | Gauntlet | Identified the +6 demon trident of Cogar {drain, rC+ SInv
                  | Stlth+}
 12978 | Gauntlet | Noticed a minotaur
 12998 | Gauntlet | Hit by a javelin thrown by a minotaur

Illustrated notes

Levels and vault maps discovered:
D:1:      dpeg_arrival_arbitrary_b, layout_loops_corners,
          hellmonk_ecumenical_altar_heavens_door, minivault_5
D:2:      layout_basic, st_stairs_10
D:3:      layout_rooms, okawaru_ov_weapons_minmay,
          mainiacjoe_overflow_cross_hatched, lemuel_crystal_altar,
          portal_sewer_entry_d, hangedman_decor_growths, uniq_crazy_yiuf_cottage
D:4:      layout_cave_pods, gammafunk_temple_overflow_arena, lemuel_tele_altar,
          minmay_temple_entry_fiery, serial_shops, nicolae_stop_n_shop_2,
          kennysheep_generic_room_5, uniq_grinder, uniq_edmund
D:5:      layout_rooms, uniq_sigmund
D:6:      layout_basic, serial_shops, nicolae_stop_n_shop_1,
          grunt_ministairs_13, uniq_blork_the_orc, uniq_prince_ribbit1
D:7:      layout_basic, mainiacjoe_overflow_alcove_4, serial_shops,
          nicolae_stop_n_shop_1
D:8:      layout_rooms, mainiacjoe_overflow_six_doors_small,
          mainiacjoe_overflow_surrounded_room, kennysheep_slug_shrine,
          uniq_harold
D:9:      layout_rooms, trog_butcher_becter, nicolae_sif_muna_condensation,
          nemelex_diamond_rough_becter, minmay_shop_enchanted_jewellery
D:10:     layout_loops_ring, erik_lair_orcish_takeover, serial_shops, shop,
          uniq_sonja
D:11:     layout_irregular_city, serial_shops, nicolae_shop_waterfront,
          gauntlet_entry_generic, onia_ninara_dug_in_and_dangerous
D:12:     layout_cave_pools, david_orc_4, gammafunk_ghost_necromancy
Temple:   dpeg_chambers_temple
Gauntlet: gammafunk_gauntlet_one_two_three [nicolae_gauntlet_arena_blocks,
          gammafunk_gauntlet_arena_mazey, gammafunk_gauntlet_arena_chambers,
          nicolae_gauntlet_arena_flowing_pool, gammafunk_gauntlet_arena_grid,
          nicolae_gauntlet_arena_quarters,
          gammafunk_gauntlet_arena_arrow_garden, nicolae_gauntlet_swirl,
          gammafunk_gauntlet_arena_spirals,
          nicolae_gauntlet_exit_dead_adventurers]

Skill      XL: |  1  2  3  4  5  6  7  8  9 10 11 |
---------------+----------------------------------+-----
Fighting       | 4 5 7 8 9 |  9.0
Long Blades    | 3 4 6 7 9 11 | 11.5
Evocations     | 1 2 3 4 7 8 9 |  9.2
Shields        | 4 6 7 |  7.4
Armour         | 4 5 7 8 |  8.8
Dodging        | 1 4 |  4.2
Throwing       | 3 4 |  4.4
Stealth        | 1 2 |  2.2

Action                   |  1- 3 |  4- 6 |  7- 9 | 10-12 || total
-------------------------+-------+-------+-------+-------++-------
Melee: Long sword        |   112 |   178 |   299 |   454 ||  1043
Throw: Dart              |       |     1 |    13 |    22 ||    36
       Boomerang         |       |       |    11 |    29 ||    40
       Javelin           |       |       |       |     2 ||     2
Evoke: Wand              |       |     7 |     1 |    22 ||    30
       Condenser vane    |       |       |       |     1 ||     1
  Use: Scroll            |     1 |     7 |     9 |     8 ||    25
       Potion            |       |     1 |     9 |    12 ||    22
 Stab: Invisible         |       |       |       |    11 ||    11
       Paralysed         |       |       |       |     2 ||     2
       Petrified         |       |       |       |     1 ||     1
Armor: Scale mail        |    65 |   129 |   108 |    48 ||   350
       Plate armour      |       |       |       |    95 ||    95
Dodge: Dodged            |    53 |   128 |   173 |   205 ||   559
Block: Buckler           |    27 |    53 |    64 |   106 ||   250

Table legend: (Time is in decaauts)
 A = Elapsed time spent in this place.
 B = Non-inter-level travel time spent in this place.
 C = Inter-level travel time spent in this place.
 D = Time resting spent in this place.
 E = Time spent auto-exploring this place.
 F = Levels seen in this place.
 G = Mean time per level.
                   A        B        C        D        E       F      G
               +--------+--------+--------+--------+--------+-----+--------+
         Total |  13062 |  12926 |    136 |   2525 |   4143 |  15 |  870.8 |
       Dungeon |  11233 |  11097 |    136 |   1770 |   4010 |  12 |  936.1 |
        Temple |     93 |     93 |      0 |      0 |     56 |   1 |   93.0 |
         Sewer |    689 |    689 |      0 |    378 |      0 |   1 |  689.0 |
      Gauntlet |   1045 |   1045 |      0 |    377 |     77 |   1 | 1045.0 |
               +--------+--------+--------+--------+--------+-----+--------+

Top non-repeatable levels by time:
     D:6: 1546 daAuts
     D:4: 1443 daAuts
     D:2: 1204 daAuts
    D:10: 1168 daAuts
Gauntlet: 1045 daAuts
     D:9: 1040 daAuts
     D:5: 1026 daAuts
     D:1: 1023 daAuts
     D:3: 986 daAuts
     D:8: 903 daAuts
     D:7: 771 daAuts
   Sewer: 689 daAuts
    D:11: 108 daAuts
  Temple: 93 daAuts
    D:12: 11 daAuts
